 Dungeon Crawl Stone Soup version 0.23.2 (webtiles) character file.

Game seed: 13623141914616914914

235713 Borgoz the Swashbuckler (level 19, 0/121 HPs)
             Began as a Gargoyle Gladiator on Apr 8, 2019.
             Was the Champion of Ashenzari.
             Shot with a bolt by a naga sharpshooter (13 damage)
             ... on level 4 of the Snake Pit on Apr 9, 2019.
             The game lasted 01:28:37 (35168 turns).

Borgoz the Swashbuckler (Gargoyle Gladiator)       Turns: 35168, Time: 01:28:38

Health: 0/121      AC: 34    Str: 17    XL:     19   Next: 63%
Magic:  26/26      EV: 29    Int: 20    God:    Ashenzari [******]
Gold:   3411       SH:  8    Dex: 21    Spells: 19/28 levels left

rFire    . . .     SeeInvis +   a - +9 short sword of Astremipi {speed, rC+ Dex+4} (curse)
rCold    + + .     Gourm    +   E - +0 shield {reflect}
rNeg     + . .     Faith    .   x - quicksilver dragon scales
rPois    ∞         Spirit   .   T - +2 helmet {Int+3} (curse)
rElec    +         Reflect  +   U - -2 cloak "Lyqek" {Int+5 Slay+2}
rCorr    .         Harm     .   M - +1 pair of gloves
MR       ++...     Clarity  +   (no boots)
Stlth    +++++.....             z - amulet of the gourmand
HPRegen  0.30/turn              h - +4 ring of evasion
MPRegen  0.20/turn              s - +4 ring of evasion

@: flying
A: big wings, talons 2, cold resistance 1, negative energy resistance 1,
screaming 1, electricity resistance, unbreathing, petrification resistance, rot
immunity, AC +14
}: 1/15 runes: decaying
a: Stop Flying, Curse Item, Scrying, Transfer Knowledge, Renounce Religion


You were on level 4 of the Snake Pit.
You worshipped Ashenzari.
Ashenzari was exalted by your worship.
You were hungry.

You visited 6 branches of the dungeon, and saw 32 of its levels.
You also visited: Bailey.

You collected 3809 gold pieces.
You spent 398 gold pieces at shops.

Inventory:

Hand Weapons
 a - the cursed +9 short sword of Astremipi (weapon) {speed, rC+ Dex+4}
   (You found it on level 1 of the Lair of Beasts)

   Attacks with this weapon are significantly faster.
   It affects your dexterity (+4).
   It protects you from cold.
   It has a curse placed upon it.
Missiles
 g - 6 throwing nets (quivered)
Armour
 c - +0 fire dragon scales
 d - a +4 troll leather armour {Snorg}
 k - a +2 ring mail of cold resistance
 x - quicksilver dragon scales (worn)
 B - a +2 crystal plate armour
 E - a +0 shield of reflection (worn)
 M - a +1 pair of gloves (worn)
 T - a cursed +2 helmet of intelligence (worn)
 U - the -2 cloak "Lyqek" (worn) {Int+5 Slay+2}
   (You found it on level 14 of the Dungeon)

   It affects your intelligence (+5).
   It affects your accuracy and damage with ranged weapons and melee attacks
   (+2).
Jewellery
 h - a +4 ring of evasion (left hand)
 j - the ring of Yjaqizi {rElec MP+9}
   (You found it on level 2 of the Snake Pit)

   [ring of magical power]

   It insulates you from electricity.
   It affects your magic capacity (+9).
 r - the ring "Bannilij" {Fire rElec Int+3}
   (You found it on level 4 of the Lair of Beasts)

   [ring of fire]

   It enhances your fire magic.
   It affects your intelligence (+3).
   It protects you from fire.
   It makes you vulnerable to cold.
   It insulates you from electricity.
 s - a +4 ring of evasion (right hand)
 z - an amulet of the gourmand (around neck)
 D - an uncursed ring of protection from cold
Wands
 m - a wand of clouds (3)
 w - a wand of disintegration (21)
 O - a wand of paralysis (47)
 R - a wand of enslavement (5)
Scrolls
 e - 2 scrolls of fog
 i - 2 scrolls of identify
 p - 12 scrolls of remove curse
 u - 4 scrolls of fear
 v - 10 scrolls of teleportation
 y - 3 scrolls of blinking
 I - 5 scrolls of magic mapping
 N - 3 scrolls of silence
 P - 4 scrolls of summoning
Potions
 l - 3 potions of berserk rage
 n - 2 potions of heal wounds
 o - 3 potions of resistance
 q - 4 potions of might
 t - 17 potions of curing
 A - a potion of agility
 C - 5 potions of haste
 F - a potion of invisibility
 K - 2 potions of cancellation
Comestibles
 f - 44 rations


   Skills:
 + Level 14.1 Fighting
 * Level 16.4(20.2) Short Blades
 - Level 1.7 Throwing
 + Level 13.9 Armour
 * Level 15.3 Dodging
 + Level 11.4 Stealth
 + Level 1.2 Shields
 - Level 5.0 Spellcasting
 + Level 8.3 Hexes
 - Level 3.0 Translocations
 - Level 5.0 Evocations


You had 19 spell levels left.
You knew the following spells:

 Your Spells              Type           Power        Failure   Level  Hunger
a - Confusing Touch       Hex            #####.       3%          1    None
b - Blink                 Tloc           N/A          43%         2    None
c - Confuse               Hex            #####...     11%         3    ##.....
d - Regeneration          Chrm/Necr      #.........   97%         3    ##.....

Your spell library contained the following spells:

 Spells                   Type           Power        Failure   Level  Hunger
 Corona                   Hex            #####..      3%          1    None
 Slow                     Hex            #####...     5%          2    None
 Tukima's Dance           Hex            #####...     11%         3    ##.....
 Ensorcelled Hibernation  Hex/Ice        ###...       28%         2    None
 Apportation              Tloc           ###...       30%         1    None
 Dazzling Spray           Conj/Hex       ###...       50%         3    ##.....
 Inner Flame              Hex/Fire       ###.....     50%         3    ##.....
 Shroud of Golubria       Chrm/Tloc      ##........   65%         2    None
 Gell's Gravitas          Tloc           ###.......   67%         3    ##.....
 Lesser Beckoning         Tloc           ###.......   67%         3    ##.....
 Teleport Other           Tloc           ###.....     67%         3    ##.....
 Animate Skeleton         Necr           N/A          71%         1    None
 Beastly Appendage        Tmut           #.....       71%         1    None
 Flame Tongue             Conj/Fire      #....        71%         1    None
 Magic Dart               Conj           #...         71%         1    None
 Pain                     Necr           #...         71%         1    None
 Summon Butterflies       Summ           #.......     71%         1    None
 Summon Small Mammal      Summ           #...         71%         1    None
 Call Imp                 Summ           #.......     85%         2    None
 Corpse Rot               Necr           N/A          85%         2    None
 Poisonous Vapours        Pois/Air       #.....       85%         2    None
 Sticks to Snakes         Tmut           #.......     85%         2    None
 Throw Flame              Conj/Fire      #.....       85%         2    None
 Recall                   Summ/Tloc      N/A          86%         3    ##.....
 Leda's Liquefaction      Hex/Erth       ###.......   88%         4    ####...
 Call Canine Familiar     Summ           #.......     97%         3    ##.....
 Conjure Flame            Conj/Fire      #.......     97%         3    ##.....
 Mephitic Cloud           Conj/Pois/Air  #.......     97%         3    ##.....
 Spider Form              Tmut/Pois      #.........   97%         3    ##.....
 Stone Arrow              Conj/Erth      #.....       97%         3    ##.....
 Vampiric Draining        Necr           #.........   97%         3    ##.....
 Passage of Golubria      Tloc           N/A          97%         4    ####...
 Summon Mana Viper        Hex/Summ       ###.....     99%         5    #####..
 Animate Dead             Necr           N/A          100%        4    ####...
 Ice Form                 Ice/Tmut       #.......     100%        4    ####...
 Petrify                  Tmut/Erth      #.......     100%        4    ####...
 Sticky Flame             Conj/Fire      #.......     100%        4    ####...
 Summon Ice Beast         Ice/Summ       #.......     100%        4    ####...
 Blade Hands              Tmut           #.........   100%        5    #####..
 Bolt of Magma            Conj/Fire/Erth #.........   100%        5    #####..
 Fireball                 Conj/Fire      #.........   100%        5    #####..
 Summon Demon             Summ           #.........   100%        5    #####..
 Summon Forest            Summ/Tloc      ##........   100%        5    #####..
 Venom Bolt               Conj/Pois      #.........   100%        5    #####..
 Freezing Cloud           Conj/Ice/Air   #.........   100%        6    #######
 Hydra Form               Tmut           #.........   100%        6    #######
 Iron Shot                Conj/Erth      #.........   100%        6    #######
 Ring of Flames           Chrm/Fire      #.........   100%        7    #######
 Summon Hydra             Summ           #.........   100%        7    #######
 Shatter                  Erth           #.........   100%        9    #######
 Statue Form              Tmut/Erth      Unusable     N/A         6    N/A

Dungeon Overview and Level Annotations

Branches:
Dungeon (15/15)            Temple (1/1) D:4            Lair (6/6) D:9
  Swamp (4/4) Lair:4        Snake (4/4) Lair:3        Slime (0/5) Lair:6
    Orc (2/2) D:10            Elf (0/3) Orc:2        Vaults (0/5) D:14
 Depths (0/5) D:15

Altars:
Ashenzari
Cheibriados
Dithmenos
Elyvilon
Fedhas
Gozag
Hepliaklqana
Kikubaaqudgha
Makhleb
Nemelex Xobeh
Okawaru
Qazlal
Ru
Sif Muna
Trog
Uskayaw
Vehumet
Wu Jian
Xom
Yredelemnul
Zin
The Shining One
Beogh

Shops:
D:8 *   D:11 ?   D:13 [   Orc:2 ***(:   Snake:3 (


Innate Abilities, Weirdness & Mutations

You are resistant to torment.
Your stone body is resilient. (AC +14)
You are immune to poison.
Your large and strong wings let you fly indefinitely.
You resist negative energy. (rN+)
You are resistant to electric shocks. (rElec)
You can survive without breathing.
You are immune to petrification.
You are immune to rotting.
You have razor-sharp toenails.
Your flesh is cold resistant. (rC+)
You occasionally shout uncontrollably at your foes.


Message History

The naga sharpshooter shoots an arrow.
The arrow hits you!!
* * * LOW HITPOINT WARNING * * *
The naga sharpshooter spits poison at you.
The splash of poison misses you.
The salamander mystic completely misses you.
You hit the naga sharpshooter. Your kick misses the naga sharpshooter.
The naga sharpshooter is heavily wounded.
The guardian serpent misses you. The naga mage completely misses you. x2
You puncture the naga sharpshooter!
The naga sharpshooter is heavily wounded.
The naga sharpshooter mumbles some strange words.
The naga sharpshooter magically shoots an arrow.
The arrow hits you!
* * * LOW HITPOINT WARNING * * *
The guardian serpent coils itself and waves its upper body at you.
You resist with almost no effort.
The naga mage points at you and mumbles some strange words.
You resist with almost no effort.
The naga sharpshooter shoots a bolt.
The bolt hits you!
You die...

*,,,, *
*,,,##....########## ,
, **,###**##,
#.(......### **, ,
...###.
##.........#### ,,, ,
,,.....#.
###........#.. * , ,*
,.......
#.#####....#.. ,,, *,,
..... #....#....... ,
, , , *#*#...*
*#.....#.###. ,
,...#..N######.......#
#. , *, ,
#....N@)...#...#####
#. * ***
..##..NSN(.(##..### ##
**** * *,
#...)..........# , * ,
** ,* ###.......######
, , , ,#........#...#*
* ,* , ,
...##.###........ ,
,,,,,,,,.. #.*
....#..... * ,,, ,,.
..,..#####.... *,*,,,
,,,*,##.... , ,....***
*


You could see 2 naga sharpshooters, a salamander mystic, a guardian serpent and
a naga mage.

Vanquished Creatures
  Bai Suzhen (Swamp:3)
  Vashnia (Snake:2)
  Rupert (Lair:3)
  Gastronok (Lair:1)
  A sphinx (D:15)
  Kirke (Snake:3)
  A tengu reaver (D:14)
  Donald (Snake:3)
  4 nagarajas (Snake:2)
  A fire giant (D:15)
  An orc warlord (Orc:2)
  Azrael (Snake:3)
  A very ugly thing (D:15)
  The ghost of Borgoz the Slicer, a journeyman GrGl of Ashenzari (Lair:4)
  A dire elephant (Lair:3)
  Snorg (D:10)
  A minotaur (Lair:4)
  An ettin (Orc:1)
  A fire dragon (D:15)
  4 yaktaur captains (D:15)
  An ice dragon (D:15)
  A rakshasa (D:15)
  14 naga warriors
  22 hydras
  4 shambling mangroves
  12 alligators
  A catoblepas (Lair:6)
  A death knight (D:15)
  2 dancing weapons (D:14)
  11 anacondas
  6 centaur warriors (D:15)
  16 two-headed ogres
  2 orc high priests
  18 naga sharpshooters
  6 death yaks (Lair:4)
  2 tengu warriors
  3 ogre magi
  5 shock serpents
  Urug (Lair:3)
  Sonja (D:11)
  Nergalle (Lair:1)
  A skeletal warrior (D:14)
  A salamander mystic (Snake:3)
  10 swamp dragons
  A spriggan druid (Swamp:4)
  A deep elf archer (Orc:2)
  2 naga ritualists (Snake:3)
  3 unseen horrors
  A glowing orange brain (D:15)
  2 deep trolls (Orc:2)
  A wizard (D:15)
  2 lindwurms (Swamp:4)
  Pikel (D:8)
  3 orc knights
  8 oklob plants
  3 manticores
  5 orc sorcerers
  13 cyclopes
  12 salamanders
  14 mana vipers
  The ghost of Tramtrist the Skirmisher, a novice GrBe of Trog (D:6)
  3 deep elf magi
  26 elephants
  9 ugly things
  4 guardian serpents
  20 naga magi
  27 spiny frogs
  29 black mambas
  2 gargoyles
  2 kobold demonologists
  5 yaktaurs (D:15)
  A rime drake (Lair:4)
  An efreet (D:15)
  9 komodo dragons
  3 freezing wraiths (D:15)
  A tengu conjurer (D:13)
  18 trolls
  4 meliai
  14 hornets
  2 polar bears
  A hippogriff (shapeshifter) (D:15)
  29 blink frogs
  6 slime creatures
  11 tyrant leeches
  8 bog bodies
  13 hippogriffs
  A centaur simulacrum (D:15)
  3 shadows
  6 spriggans
  A tarantella (shapeshifter) (D:15)
  3 vampires
  3 fire elementals (Snake:3)
  43 yaks
  9 wyverns
  4 basilisks
  3 wraiths
  Grum (D:11)
  20 vampire mosquitoes
  A hungry ghost (D:7)
  13 swamp worms
  2 wargs
  39 nagas
  10 insubstantial wisps
  3 hell hounds (Snake:3)
  9 porcupines
  3 ice beasts
  10 water moccasins
  25 orc warriors
  A spectral hornet (D:6)
  6 swamp drakes
  2 sky beasts
  A slave (D:8)
  A black bear (D:11)
  2 phantoms
  A necrophage (D:10)
  28 ogres
  8 wolves
  14 crocodiles
  4 centaurs
  2 big kobolds
  A gnoll sergeant (D:8)
  33 bullfrogs
  A wyvern zombie (D:14)
  A hornet simulacrum (D:15)
  6 scorpions
  3 killer bees (D:9)
  4 wights
  An electric eel (Lair:6)
  3 howler monkeys
  A bullfrog zombie (D:6)
  7 crimson imps
  3 quasits
  7 jellies
  8 centaur zombies
  22 orc priests
  15 centaur skeletons
  5 hounds
  3 bullfrog skeletons
  Ijyb (D:2)
  Terence (D:2)
  23 orc wizards
  5 iguanas
  8 worker ants
  A bullfrog simulacrum (D:6)
  2 hound skeletons
  A howler monkey skeleton (D:10)
  2 worker ant zombies (D:9)
  12 gnolls
  13 adders
  6 shadow imps
  An ooze (D:4)
  3 adder skeletons
  2 adder zombies (D:9)
  6 worms
  4 dart slugs
  9 leopard geckos
  93 orcs
  7 bats
  4 giant cockroaches
  16 goblins
  9 hobgoblins
  16 jackals
  16 kobolds
  6 quokkas
  6 frilled lizards
  A jackal skeleton (D:9)
  A leopard gecko zombie (D:5)
  13 rats
  A fungus (Lair:4)
  5 plants
1189 creatures vanquished.

Vanquished Creatures (others)
  A lindwurm (Swamp:4)
  An ugly thing (D:15)
  A guardian serpent (Snake:2)
  3 humans (Snake:3)
  A swamp drake (Swamp:3)
  A sky beast (D:15)
  A centaur (D:15)
  A centaur zombie (D:9)
  8 fungi
  36 plants
54 creatures vanquished.

Grand Total: 1243 creatures vanquished

Notes
Turn   | Place    | Note
-------+----------+-------------------------------------------
     0 | D:1      | Borgoz the Gargoyle Gladiator began the quest for the Orb.
     0 | D:1      | Reached XP level 1. HP: 12/12 MP: 1/1
   224 | D:1      | Reached XP level 2. HP: 17/17 MP: 2/2
   723 | D:1      | Reached XP level 3. HP: 22/22 MP: 3/3
   727 | D:1      | Reached skill level 3 in Short Blades
   773 | D:1      | Reached skill level 1 in Stealth
   968 | D:2      | Noticed Terence
   993 | D:2      | Killed Terence
   993 | D:2      | Reached skill level 1 in Armour
   993 | D:2      | Reached XP level 4. HP: 27/27 MP: 3/5
  1087 | D:2      | Gained mutation: Your flesh is cold resistant. (rC+)
                  | [potion of mutation]
  1087 | D:2      | Gained mutation: You occasionally shout uncontrollably at
                  | your foes. [potion of mutation]
  1087 | D:2      | Gained mutation: You have sharp toenails. [potion of
                  | mutation]
  1087 | D:2      | Gained mutation: You have razor-sharp toenails. [potion of
                  | mutation]
  1138 | D:2      | Reached skill level 1 in Spellcasting
  1447 | D:2      | Reached XP level 5. HP: 31/31 MP: 6/6
  1511 | D:2      | Noticed Ijyb
  1524 | D:2      | Killed Ijyb
  1617 | D:2      | Found an opulent altar of Gozag.
  1737 | D:2      | Found a hide-covered altar of Uskayaw.
  1954 | D:3      | Found a shimmering altar of Xom.
  2077 | D:3      | Reached XP level 6. HP: 36/36 MP: 8/8
  2964 | D:4      | Reached skill level 4 in Short Blades
  3062 | D:4      | Noticed an orc warrior
  3085 | D:4      | Killed an orc warrior
  3085 | D:4      | Reached XP level 7. HP: 40/41 MP: 9/9
  3278 | D:4      | Found a staircase to the Ecumenical Temple.
  3296 | Temple   | Entered the Ecumenical Temple
  3357 | Temple   | Became a worshipper of Ashenzari the Shackled
  3872 | D:5      | Entered Level 5 of the Dungeon
  4244 | D:5      | Found the +3 robe of Clouds {+Thunder rCloud rElec}
  4317 | D:5      | Reached XP level 8. HP: 48/48 MP: 11/11
  4395 | D:5      | Reached skill level 5 in Short Blades
  5228 | D:6      | Found a basalt altar of Yredelemnul.
  5238 | D:6      | Reached skill level 1 in Evocations
  5397 | D:6      | Reached skill level 5 in Dodging
  5500 | D:6      | Noticed a wyvern
  5505 | D:6      | Killed a wyvern
  5512 | D:6      | Reached XP level 9. HP: 52/52 MP: 13/13
  5573 | D:6      | Reached * piety under Ashenzari
  5737 | D:6      | Found a runed translucent gate.
  5739 | D:6      | Found a runed translucent gate.
  5740 | D:6      | Found a runed translucent gate.
  5742 | D:6      | Noticed Tramtrist's ghost (novice GrBe)
  5868 | D:7      | Found a hazy altar of Hepliaklqana.
  5958 | D:7      | Reached skill level 6 in Short Blades
  6144 | D:7      | Reached skill level 5 in Fighting
  6535 | D:7      | Found a snail-covered altar of Cheibriados.
  6538 | D:7      | Found a white marble altar of Elyvilon.
  6551 | D:7      | Found a deep blue altar of Sif Muna.
  6709 | D:8      | Reached skill level 5 in Stealth
  6985 | D:8      | Reached XP level 10. HP: 44/59 MP: 16/16
  6988 | D:8      | Reached skill level 5 in Armour
  7304 | D:8      | Found Qoxepof's General Store.
  7320 | D:8      | Noticed Pikel
  7337 | D:8      | Paralysed by Pikel for 2 turns
  7341 | D:8      | Killed Pikel
  7341 | D:8      | Reached skill level 7 in Short Blades
  7499 | D:9      | Reached ** piety under Ashenzari
  8223 | D:9      | Found a staircase to the Lair.
  8856 | Lair:1   | Entered Level 1 of the Lair of Beasts
  8916 | Lair:1   | Noticed a spiny frog
  8923 | Lair:1   | Killed a spiny frog
  8928 | Lair:1   | Got the short sword of Astremipi {speed, rC+ Dex+4}
  8929 | Lair:1   | Identified the +9 short sword of Astremipi {speed, rC+
                  | Dex+4} (You found it on level 1 of the Lair of Beasts)
  9160 | Lair:1   | Noticed a spiny frog
  9170 | Lair:1   | Killed a spiny frog
  9200 | Lair:1   | Reached XP level 11. HP: 43/65 MP: 18/18
  9407 | Lair:1   | Reached skill level 5 in Spellcasting
  9425 | Lair:1   | Noticed Nergalle
  9432 | Lair:1   | Reached skill level 8 in Short Blades
  9449 | Lair:1   | Noticed a spectral orc warlord
  9464 | Lair:1   | Killed Nergalle
  9692 | Lair:1   | Noticed Gastronok
 10663 | Lair:2   | Reached skill level 9 in Short Blades
 10663 | Lair:2   | Reached skill level 5 in Evocations
 10663 | Lair:2   | Reached XP level 12. HP: 71/72 MP: 19/19
 11339 | Lair:3   | Noticed Rupert
 11362 | Lair:3   | Killed Rupert
 11457 | Lair:3   | Reached *** piety under Ashenzari
 11722 | Lair:3   | Found a staircase to the Snake Pit.
 11724 | Lair:3   | Noticed a four-headed hydra
 11748 | Lair:3   | Killed a four-headed hydra
 12066 | Lair:3   | Noticed Urug
 12073 | Lair:3   | Killed Urug
 12655 | Lair:1   | Killed Gastronok
 12655 | Lair:1   | Reached skill level 10 in Short Blades
 12761 | D:10     | Entered Level 10 of the Dungeon
 12761 | D:10     | Noticed Snorg
 12770 | D:10     | Killed Snorg
 12806 | D:10     | Reached XP level 13. HP: 78/79 MP: 20/20
 13341 | D:10     | Reached skill level 10 in Dodging
 13419 | D:10     | Got the cursed hand axe of the Thirsty Tables {chop, rC++
                  | rN+}
 13495 | D:10     | Found a staircase to the Orcish Mines.
 13604 | D:10     | Found a stormy altar of Qazlal.
 13952 | D:11     | Reached skill level 11 in Short Blades
 14008 | D:11     | Found Ogeorievepp's Magic Scroll Shop.
 14009 | D:11     | Noticed Sonja
 14016 | D:11     | Killed Sonja
 14097 | D:11     | Noticed Grum
 14113 | D:11     | Killed Grum
 14137 | D:11     | Learned a level 1 spell: Confusing Touch
 14140 | D:11     | Learned a level 2 spell: Blink
 14222 | D:11     | Bought a scroll of identify for 30 gold pieces
 14222 | D:11     | Bought a scroll of identify for 30 gold pieces
 14222 | D:11     | Bought a scroll of fog for 30 gold pieces
 14224 | D:11     | Bought a scroll of magic mapping for 52 gold pieces
 14224 | D:11     | Bought a scroll of teleportation for 45 gold pieces
 14224 | D:11     | Bought a scroll of teleportation for 45 gold pieces
 14452 | D:12     | Reached skill level 10 in Stealth
 14701 | D:12     | Reached **** piety under Ashenzari
 15088 | D:12     | Reached skill level 1 in Translocations
 15088 | D:12     | Gained mutation: Your large and strong wings let you fly
                  | indefinitely. [Gargoyle growth]
 15088 | D:12     | Reached XP level 14. HP: 87/87 MP: 21/21
 15131 | D:12     | Reached skill level 1 in Hexes
 15219 | D:13     | Found a shimmering altar of Xom.
 15438 | D:13     | Found Qipt's Armour Boutique.
 15535 | D:13     | Found a flagged portal.
 15564 | Bailey   | Entered a bailey
 15567 | Bailey   | Identified a scroll of acquirement
 15777 | D:13     | Found a white marble altar of Elyvilon.
 16215 | D:14     | Got the cursed cloak "Lyqek" {Int+5 Slay+2}
 16221 | D:14     | Identified the cursed -2 cloak "Lyqek" {Int+5 Slay+2} (You
                  | found it on level 14 of the Dungeon)
 16285 | D:14     | Got the uncursed leather armour of Qih Ikill {rN+ Regen+}
 16296 | D:14     | Identified the +1 leather armour of Qih Ikill {rN+ Regen+}
                  | (You found it on level 14 of the Dungeon)
 16317 | D:14     | Found a gate to the Vaults.
 16348 | D:14     | Reached skill level 10 in Fighting
 16642 | D:15     | Entered Level 15 of the Dungeon
 16818 | D:15     | Found a glowing golden altar of the Shining One.
 16818 | D:15     | Found an opulent altar of Gozag.
 16819 | D:15     | Found a white marble altar of Elyvilon.
 16901 | D:15     | Reached skill level 10 in Armour
 16928 | D:15     | Noticed a sphinx
 17213 | Lair:1   | Identified the cursed +1 hand axe of the Thirsty Tables
                  | {chop, rC++ rN+} (You found it on level 10 of the Dungeon)
 17276 | Lair:3   | Reached skill level 12 in Short Blades
 17365 | Lair:3   | Noticed a dire elephant
 17394 | Lair:3   | Killed a dire elephant
 17817 | Lair:4   | Found a runed translucent gate.
 17817 | Lair:4   | Found a runed translucent gate.
 17817 | Lair:4   | Found a runed translucent gate.
 18024 | Lair:4   | Reached XP level 15. HP: 63/93 MP: 22/22
 18170 | Lair:4   | Noticed Borgoz's ghost (journeyman GrGl)
 18489 | Lair:4   | Found a staircase to the Swamp.
 19136 | Lair:4   | Killed Borgoz's ghost
 19597 | Lair:4   | Identified the ring "Bannilij" {Fire rElec Int+3}
 19670 | Lair:5   | Found a hide-covered altar of Uskayaw.
 19912 | Lair:5   | Reached ***** piety under Ashenzari
 20369 | Lair:6   | Entered Level 6 of the Lair of Beasts
 20529 | Lair:6   | Reached skill level 13 in Short Blades
 20684 | Lair:6   | Found a staircase to the Slime Pits.
 20814 | Lair:6   | Reached skill level 5 in Hexes
 21297 | Lair:6   | Identified the +4 quarterstaff of the New World {elec, rN++
                  | Int-4}
 21633 | Lair:6   | Reached XP level 16. HP: 93/100 MP: 23/23
 22443 | D:15     | Found a staircase to the Depths.
 22614 | D:15     | Identified the Compendium of Mutagenic Companions
 22719 | D:15     | Killed a sphinx
 22881 | D:15     | Identified the +7 scimitar of Benevolence {vamp, rPois MR-
                  | Int+2}
 22881 | D:15     | Noticed a tengu reaver
 22884 | D:15     | Identified the +9 quarterstaff of Fundamental Breach
                  | {drain, rPois Str+4}
 23143 | D:14     | Killed a tengu reaver
 23808 | D:15     | Reached skill level 14 in Short Blades
 24113 | Orc:1    | Entered Level 1 of the Orcish Mines
 24121 | Orc:1    | Found a burning altar of Makhleb.
 24663 | Orc:1    | Found a roughly hewn altar of Beogh.
 24880 | Orc:2    | Entered Level 2 of the Orcish Mines
 25008 | Orc:2    | Paralysed by an orc sorcerer for 7 turns
 25042 | Orc:2    | Found Heuckeic's Book Emporium.
 25375 | Orc:2    | Found a staircase to the Elven Halls.
 25527 | Orc:2    | Found Peutwusch's General Store.
 25540 | Orc:2    | Reached XP level 17. HP: 98/106 MP: 24/24
 25712 | Orc:2    | Found Ruwnelepru's Antique Weapon Shoppe.
 25719 | Orc:2    | Found Diluroir's General Store.
 25722 | Orc:2    | Bought a scroll of identify for 30 gold pieces
 25747 | Orc:2    | Found Biddish's Assorted Antiques.
 25889 | Orc:2    | Bought a scroll of identify for 34 gold pieces
 25889 | Orc:2    | Bought a scroll of teleportation for 51 gold pieces
 25889 | Orc:2    | Bought a potion of curing for 51 gold pieces
 26304 | Swamp:1  | Entered Level 1 of the Swamp
 27065 | Swamp:2  | Identified the +5 hunting sling of the Sky {freeze, MR++}
 27524 | Swamp:2  | Identified the Catalogue of the Frostbite and Venom
 27767 | Swamp:3  | Reached ****** piety under Ashenzari
 28067 | Swamp:3  | Noticed Bai Suzhen
 28118 | Swamp:3  | Killed Bai Suzhen
 28554 | Swamp:3  | Reached skill level 15 in Short Blades
 28616 | Swamp:4  | Entered Level 4 of the Swamp
 28768 | Swamp:4  | Reached XP level 18. HP: 65/114 MP: 25/25
 29451 | Swamp:4  | Got a decaying rune of Zot
 30061 | D:6      | Killed Tramtrist's ghost
 30211 | Snake:1  | Entered Level 1 of the Snake Pit
 31291 | Snake:1  | Learned a level 3 spell: Confuse
 31295 | Snake:1  | Learned a level 3 spell: Regeneration
 32478 | Snake:2  | Noticed Vashnia
 32538 | Snake:2  | Killed Vashnia
 32856 | Snake:2  | Identified the ring of Yjaqizi {rElec MP+9}
 33001 | Snake:2  | Reached skill level 16 in Short Blades
 33001 | Snake:2  | Reached XP level 19. HP: 120/120 MP: 26/26
 33463 | Snake:3  | Reached skill level 15 in Dodging
 33695 | Snake:3  | Noticed Azrael
 33727 | Snake:3  | Killed Azrael
 34053 | Snake:3  | Found Atuvesarph's Weapon Shoppe.
 34108 | Snake:3  | Noticed Kirke
 34136 | Snake:3  | Killed Kirke
 34581 | Snake:3  | Noticed Donald
 34632 | Snake:3  | Killed Donald
 34879 | Snake:4  | Entered Level 4 of the Snake Pit
 35072 | Snake:4  | Reached skill level 1 in Shields
 35168 | Snake:4  | Shot with a bolt by a naga sharpshooter

Skill      XL: |  1  2  3  4  5  6  7  8  9 10 11 12 13 14 15 16 17 18 19 |
---------------+----------------------------------------------------------+-----
Short Blades   | 3 4 5 6 7 9 10 11 12 13 14 15 16 | 16.4
Stealth        | 1 2 3 4 5 6 7 9 10 11 | 11.4
Armour         | 1 2 3 4 6 7 8 9 10 11 12 13 | 13.9
Dodging        | 3 4 5 6 7 8 9 10 11 12 13 14 15 | 15.3
Spellcasting   | 1 2 3 4 5 |  5.0
Fighting       | 3 4 5 6 7 8 9 10 11 12 13 14 | 14.1
Evocations     | 1 2 3 5 |  5.0
Translocations | 1 3 |  3.0
Hexes          | 3 5 6 7 8 |  8.3
Shields        | 1 |  1.2
Throwing       | |  1.7

Action                   |  1- 3 |  4- 6 |  7- 9 | 10-12 | 13-15 | 16-18 | 19-21 || total
-------------------------+-------+-------+-------+-------+-------+-------+-------++-------
Melee: Rapier            |   121 |    34 |       |       |       |       |       ||   155
       Dagger            |       |   205 |   512 |   297 |       |       |       ||  1014
       Kick              |       |    63 |   148 |   375 |  1024 |  1085 |   253 ||  2948
       Short sword       |       |       |       |   505 |  2146 |  2367 |   579 ||  5597
Throw: Throwing net      |     3 |     3 |       |     3 |     1 |     1 |       ||    11
       Tomahawk          |     1 |       |       |       |       |       |       ||     1
Invok: Curse Item        |       |       |       |       |     2 |       |       ||     2
 Abil: Fly               |       |       |       |       |     1 |       |       ||     1
Evoke: Wand              |       |       |       |       |     2 |       |       ||     2
  Use: Potion            |       |     3 |       |     1 |     5 |    10 |     4 ||    23
       Scroll            |       |       |       |    12 |    17 |     9 |       ||    38
 Stab: Held in net/web   |       |     1 |       |     5 |     1 |     1 |       ||     8
       Sleeping          |       |     2 |     9 |    11 |    23 |    34 |     4 ||    83
       Distracted        |       |       |     2 |       |     3 |     2 |     2 ||     9
       Confused          |       |       |       |       |    11 |     1 |       ||    12
       Invisible         |       |       |       |       |     4 |    17 |     2 ||    23
  Eat: Chunk             |       |     7 |    14 |    13 |    29 |    30 |     5 ||    98
       Ration            |       |       |       |     2 |       |     2 |     1 ||     5
Armor: Leather armour    |    12 |       |       |       |   147 |       |       ||   159
       Ring mail         |    23 |    90 |   120 |   141 |       |       |       ||   374
       Troll leather arm |       |       |       |       |    62 |   142 |       ||   204
       Quicksilver drago |       |       |       |       |       |   276 |   118 ||   394
Dodge: Dodged            |    87 |   234 |   583 |   607 |  1242 |  1552 |   575 ||  4880
Block: Shield            |       |       |       |       |       |       |    38 ||    38
       Reflection        |       |       |       |       |       |       |     4 ||     4
